 Dungeon Crawl Stone Soup version 0.17-a0-1987-gaf5a542 (webtiles) character file.

15 Shim the Grasshopper (level 2, 0/19 HPs)
             Began as a High Elf Warper on Oct 6, 2015.
             Slain by a jackal (2 damage)
             ... on level 1 of the Dungeon.
             The game lasted 00:03:24 (783 turns).

Shim the Grasshopper (High Elf Warper)               Turns: 783, Time: 00:03:25

Health: 0/19       AC:  3    Str: 10    XL:     2   Next: 34%
Magic:  3/6        EV: 12    Int: 16    God:
Gold:   29         SH:  0    Dex: 14    Spells: 2 memorised, 3 levels left

rFire  . . .     SeeInvis .     l - +0 whip (flame)
rCold  . . .     Clarity  .     b - +0 leather armour
rNeg   . . .     SustAt   .     (no shield)
rPois  .         Gourm    .     (no helmet)
rElec  .         Spirit   .     (no cloak)
rCorr  .         Warding  .     (no gloves)
rMut   .         Stasis   .     (no boots)
MR     .....                    (no amulet)
Stlth  +.........               (no ring)
                                (no ring)

@: very slightly contaminated, not resistant to hostile enchantments, very
unstealthy
A: no striking features
a: no special abilities


You were on level 1 of the Dungeon.
You were not hungry.

You visited 1 branch of the dungeon, and saw 1 of its levels.

You collected 29 gold pieces.

Inventory:

Hand Weapons
 a - a +0 short sword
 l - a +0 whip of flaming (weapon)
Missiles
 e - 5 tomahawks of dispersal
 g - 14 stones (quivered)
 h - 7 arrows
Armour
 b - a +0 leather armour (worn)
Jewellery
 p - an uncursed amulet of inaccuracy
Scrolls
 i - a scroll of remove curse
 m - 2 scrolls of immolation
 o - a scroll of identify {unknown}
 q - a scroll of teleportation {unknown}
Potions
 j - a potion of might {unknown}
 k - a potion of agility {unknown}
 n - a potion of haste {unknown}
Books
 c - a book of Spatial Translocations

   Spells                             Type                      Level
   a - Apportation                    Translocation                1
   b - Blink                          Translocation                2
   c - Shroud of Golubria             Charms/Translocation         2
   d - Portal Projectile              Translocation                3
   e - Teleport Other                 Translocation                3
   f - Passage of Golubria            Translocation                4
Comestibles
 f - a bread ration


   Skills:
 + Level 2.1 Fighting
 + Level 2.4 Short Blades
 * Level 1.3 Throwing
 + Level 1.1 Armour
 + Level 2.2 Dodging
 * Level 0.5 Stealth
 + Level 2.6 Spellcasting
 + Level 3.4 Translocations


You had 3 spell levels left.
You knew the following spells:

 Your Spells              Type           Power        Failure   Level  Hunger
a - Apportation           Tloc           ##........   8%          1    #......
b - Blink                 Tloc           N/A          12%         2    ##.....


Dungeon Overview and Level Annotations

Branches:
Dungeon (1/15)

Altars:


Message History

Casting: Blink
Confirm with . or Enter, or press ? or * to list all spells.
You don't have enough magic to cast that spell.
Drop what? 17/52 slots (_ for help) (? for menu, Esc to quit)
Okay, then.
Read which item? (? for menu, Esc to quit)
Blink to where?
Press: ? - help, Dir - move target cursor You are very lightly contaminated with residual magic.
As you read the scroll of blinking, it crumbles to dust.
A bat comes into view.
Found a robe.
The bat barely misses you.
You are too injured to fight recklessly!
You are too injured to fight recklessly!
You are too injured to fight recklessly!
You are too injured to fight recklessly!
You are too injured to fight recklessly!
You closely miss the jackal. The bat barely misses you. The jackal bites you.
You die...

......#..#
..........#
..........########
................#
................#.
#...............
#.............##
#####......h........
#........###@b......
#........# #........
#........# #........
# #........#
#........ #.#.####
#.)....l.# #........
#....... #......h##
#........ #.......
#.....h.# #........
#...#### #...)...#
######### #...####
#.......########
#.......


You could see a jackal and a bat.

Vanquished Creatures
  A giant cockroach (D:1)
  3 goblins (D:1)
  3 hobgoblins (D:1)
  A kobold (D:1)
  2 ball pythons (D:1)
  3 bats (D:1)
  2 rats (D:1)
15 creatures vanquished.

Notes
Turn   | Place    | Note
--------------------------------------------------------------
     0 | D:1      | Shim the High Elf Warper began the quest for the Orb.
     0 | D:1      | Reached XP level 1. HP: 14/14 MP: 4/4
   561 | D:1      | Reached XP level 2. HP: 19/19 MP: 6/6
   565 | D:1      | Learned a level 2 spell: Blink
   662 | D:1      | Reached skill level 1 in Armour
   783 | D:1      | Slain by a jackal

Vault maps used:
D:1:      shiori_arrival_elements

Action                   || total
-------------------------++-------
Melee: Short sword       ||    46
       Whip              ||    10
Throw: Stone             ||    13
 Cast: Blink             ||     3
  Use: Scroll            ||     3
